 Dungeon Crawl Stone Soup version 0.29-a0-721-g7f417c9bbb (webtiles) character file.

Game seed: 3021343617832031022

229 indigestion the Magician (level 6, -6/40 HPs)
             Began as a Djinni Hedge Wizard on June 28, 2022.
             Mangled by an orc wizard
             ... wielding a +1 dagger of electrocution
              (12 damage)
             ... on level 4 of the Dungeon.
             The game lasted 00:13:15 (4393 turns).

indigestion the Magician (Djinni Hedge Wizard)      Turns: 4393, Time: 00:13:15

Health: -6/40      AC:  4    Str:  9    XL:     6   Next: 23%
Gold:   210        EV: 12    Int: 17    God:
                   SH:  0    Dex: 13

rFire   + + .      SeeInvis +   h - +2 spear (freeze)
rCold   x . .      Faith    .   (no shield)
rNeg    . . .      Spirit   .   b - +0 robe
rPois   ∞          Reflect  .   c - +0 hat
rElec   .          Harm     .   t - +0 cloak
rCorr   .          Rampage  .   u - +0 pair of gloves
Will    .....                   (boots unavailable)
Stlth   ++........              (no amulet)
HPRegen 0.13/turn               d - ring of see invisible
MPRegen 0.00/turn               (no ring)

@: flying, very slightly contaminated
A: sickness immunity, fire resistance 2, cold vulnerability 1, float, innate
caster, HP casting, extra vitality 1
a: no special abilities


You were on level 4 of the Dungeon.
You visited 1 branch of the dungeon, and saw 4 of its levels.

You collected 210 gold pieces.

Inventory:

Hand Weapons
 a - a +0 dagger
 h - a +2 spear of freezing (weapon)
 q - a +1 vorpal mace
Armour
 b - a +0 robe (worn)
 c - a +0 hat (worn)
 t - a +0 cloak (worn)
 u - a +0 pair of gloves (worn)
Magical Staves
 o - a staff of earth
Jewellery
 d - a ring of see invisible (left hand)
Scrolls
 e - a scroll of teleportation
 f - a scroll of vulnerability {unknown}
 g - 2 scrolls of immolation {unknown}
 k - a scroll of magic mapping {unknown}
 m - a scroll of enchant armour {unknown}
 p - a scroll of identify {unknown}
 s - a scroll of blinking {unknown}
Potions
 i - 2 potions of curing
 j - 2 potions of heal wounds {unknown}
 l - a potion of degeneration {unknown}
 n - a potion of mutation {unknown}
 r - 2 potions of haste {unknown}


   Skills:
 - Level 2.4 Dodging
 - Level 2.0 Stealth
 + Level 4.8 Spellcasting


You couldn't memorise any spells.
You knew the following spells:

 Your Spells              Type           Power      Damage    Failure   Level
a - Magic Dart            Conj           80%        1d7       1%          1
b - Blink                 Tloc           40%        N/A       3%          2
c - Call Imp              Summ           20%        N/A       3%          2
d - Slow                  Hex            80%        N/A       1%          1
e - Conjure Flame         Conj/Fire      20%        6-21      6%          3
f - Mephitic Cloud        Conj/Pois/Air  20%        N/A       6%          3
g - Apportation           Tloc           40%        N/A       1%          1
h - Scorch                Fire           40%        2d7       3%          2
Your spell library was empty.

Dungeon Overview and Level Annotations

Branches:
Dungeon (4/15)
 Temple: D:4-7

Altars:
Wu Jian

Shops:
D:1 !


Innate Abilities, Weirdness & Mutations

You are immune to sickness and miasma.
You are immune to poison.
Your flesh is very heat resistant. (rF++)
You are vulnerable to cold. (rC-)
You float through the air rather than walking.
You learn spells naturally, not from books.
Your magical power is your life essence.
You have superior vitality. (+4 MHP)


Message History

Confirm with . or Enter, or press ? or * to list all spells.
Aiming: Magic Dart (safe; 1% risk of failure)
Press: ? - help, Shift-Dir - straight line, f - quokka
Aim: a quokka (ally target, 100% to hit)
The magic dart hits the quokka.
You kill the quokka!
The orc wizard gestures at you while chanting.
Your crimson imp appears confused.
Your crimson imp hits the orc wizard but does no damage.
The orc wizard hits your crimson imp but does no damage.
The orc misses the orc wizard.
Your crimson imp hits you.
Casting: Magic Dart (safe; 1% risk of failure)
Confirm with . or Enter, or press ? or * to list all spells.
Aiming: Magic Dart (safe; 1% risk of failure)
Press: ? - help, Shift-Dir - straight line, f - orc wizard
Aim: an orc wizard, wielding a +1 dagger of electrocution and wearing a +0 robe (slightly transparent, 100% to hit)
Okay, then.
Your crimson imp hits the orc but does no damage.
The orc wizard hits you with a +1 dagger of electrocution.
There is a stone staircase leading up here.
You barely miss the orc wizard. The orc wizard closely misses you.
You barely miss the orc wizard.
The orc wizard hits you with a +1 dagger of electrocution.
* * * LOW HITPOINT WARNING * * *
Your crimson imp barely misses the orc wizard.
The orc wizard hits you with a +1 dagger of electrocution.
* * * LOW HITPOINT WARNING * * *
Casting: Magic Dart (safe; 1% risk of failure)
Confirm with . or Enter, or press ? or * to list all spells.
Aiming: Magic Dart (safe; 1% risk of failure)
Press: ? - help, Shift-Dir - straight line, f - orc wizard
Aim: an orc wizard, wielding a +1 dagger of electrocution and wearing a +0 robe (slightly transparent, 100% to hit)
The magic dart hits the orc wizard.
The orc wizard is lightly wounded.
* * * LOW HITPOINT WARNING * * *
Your crimson imp misses the orc wizard.
The orc wizard hits you but does no damage.
You are electrocuted!
You die...

####### #.. ......# #.# #
. ......# #####.#.# ..
......### #.....#.##..
........######....>#....
...........#........†##...
......#.).................
......#.<#####.....#.#
......#..### #..@o)#
#####...<..# #####5# #
#.....###.##### #†#.#..#.
##.....# #.....###.)......
.......#####...........###
##.....##....#####)..###
#.....##.#### ..#..#
##.>...##.# .....#
.#######..# .......


You could see an orc wizard (invisible) and a friendly crimson imp (summoned,
confused).

Vanquished Creatures
  An orc wizard (D:4)
  2 gnolls
  4 adders
  An ufetubus (D:4)
  A dart slug (D:4)
  4 orcs (D:4)
  4 bats
  6 endoplasms
  2 giant cockroaches
  7 goblins
  A hobgoblin (D:1)
  2 jackals (D:4)
  2 quokkas
  6 ball pythons
  A frilled lizard (D:1)
  4 kobolds
  A rat (D:2)
49 creatures vanquished.

Vanquished Creatures (collateral kills)
  Jessica (D:2)
  Terence (D:2)
  A gnoll (D:4)
  A worm (D:2)
  4 orcs (D:4)
  A bat (D:1)
  5 endoplasms
  2 goblins
  2 hobgoblins
  A kobold (D:2)
  2 ball pythons
  2 frilled lizards (D:1)
23 creatures vanquished.

Grand Total: 72 creatures vanquished

Notes
Turn   | Place    | Note
-------+----------+-------------------------------------------
     0 | D:1      | indigestion the Djinni Hedge Wizard began the quest for the
                  | Orb.
     0 | D:1      | indigestion set off with the following spells memorised:
                  | Magic Dart, Blink, Call Imp, Slow, Conjure Flame, Mephitic
                  | Cloud.
     0 | D:1      | Reached XP level 1. HP: 15/15 MP: 0/0
   343 | D:1      | Reached XP level 2. HP: 18/21 MP: 0/0
   697 | D:1      | Found Koogye's Distillery.
   893 | D:1      | Reached XP level 3. HP: 20/25 MP: 0/0
   893 | D:1      | Learned a level 1 spell: Apportation
   977 | D:1      | Reached skill level 3 in Spellcasting
  1473 | D:1      | Found a faded altar of an unknown god.
  1758 | D:2      | Reached XP level 4. HP: 19/31 MP: 0/0
  1992 | D:2      | Noticed Terence
  2017 | D:2      | Killed Terence
  2141 | D:2      | Noticed Jessica
  2152 | D:2      | Killed Jessica
  2153 | D:2      | Reached skill level 4 in Spellcasting
  2153 | D:2      | Reached XP level 5. HP: 32/35 MP: 0/0
  2153 | D:2      | Learned a level 2 spell: Scorch
  2649 | D:2      | You are sucked into a shaft and drop 2 floors!
  3846 | D:4      | Reached XP level 6. HP: 18/40 MP: 0/0
  4155 | D:4      | Found a faded altar of an unknown god.
  4155 | D:4      | Found an ornate altar of the Wu Jian Council.
  4393 | D:4      | Mangled by an orc wizard

Illustrated notes

Levels and vault maps discovered:
D:1:      tarquinn_simple_flora_water_b, layout_basic, serial_shops, shop,
          shapermc_ecumenical_altar_ellora
D:2:      layout_rooms, minmay_misc_feat_roman, st_stairs_8,
          kennysheep_generic_room_13, uniq_terence, uniq_jessica
D:3:      layout_basic, mainiacjoe_overflow_alcove_2, chequers_garden
D:4:      layout_rooms, chequers_temple_overflow_minitemple

Skill      XL: |  1  2  3  4 |
---------------+-------------+-----
Stealth        | 2 |  2.0
Spellcasting   | 3 4 |  4.8
Dodging        | |  2.4

Action                   |  1- 3 |  4- 6 || total
-------------------------+-------+-------++-------
Melee: Spear             |    23 |    50 ||    73
       Punch             |     1 |       ||     1
 Cast: Magic Dart        |    47 |    56 ||   103
       Call Imp          |    10 |    15 ||    25
       Slow              |     1 |     4 ||     5
       Scorch            |       |     7 ||     7
       Blink             |       |     2 ||     2
       Conjure Flame     |       |     1 ||     1
       Mephitic Cloud    |       |     2 ||     2
  Use: Scroll            |       |     1 ||     1
 Stab: Sleeping          |     3 |     4 ||     7
Armor: Robe              |     4 |    14 ||    18
Dodge: Dodged            |    14 |    55 ||    69

Table legend: (Time is in decaauts)
 A = Elapsed time spent in this place.
 B = Non-inter-level travel time spent in this place.
 C = Inter-level travel time spent in this place.
 D = Time resting spent in this place.
 E = Time spent auto-exploring this place.
 F = Levels seen in this place.
 G = Mean time per level.
                   A        B        C        D        E       F      G
               +--------+--------+--------+--------+--------+-----+--------+
         Total |   4402 |   4382 |     20 |   2139 |   1671 |   4 | 1100.5 |
       Dungeon |   4402 |   4382 |     20 |   2139 |   1671 |   4 | 1100.5 |
               +--------+--------+--------+--------+--------+-----+--------+

Top non-repeatable levels by time:
     D:1: 1746 daAuts
     D:4: 1730 daAuts
     D:2: 906 daAuts
     D:3: 19 daAuts
